 Dungeon Sprint DCSS version 0.29-a0-1008-g949cc1d0fb (webtiles) character file.

Game seed: 8402534322317067220

2217 Conn the Arsonist (level 9, -15/51 HPs)
             Began as an Octopode Fire Elementalist on Aug 6, 2022.
             Was a Believer of Sif Muna.
             Shot with a bolt by a yaktaur (28 damage)
             ... in the Dungeon (Sprint II: "The Violet Keep of Menkaure").
             The game lasted 00:19:23 (801 turns).

Conn the Arsonist (Octopode Fire Elementalist)       Turns: 801, Time: 00:19:23

Health: -15/51     AC:  1    Str:  7    XL:     9   Next: 35%
Magic:  22/22      EV: 16    Int: 21    God:    Sif Muna [**....]
Gold:   144        SH:  5    Dex: 16    Spells: 14/27 levels left

rFire   . . .      SeeInvis .   c - +11 trident of Zantuam {venom, Dex+5}
rCold   . . .      Faith    .   (no shield)
rNeg    . . .      Spirit   .   (helmet restricted)
rPois   +          Reflect  +   j - amulet of Jacaos {Reflect rPois SH+5}
rElec   .          Harm     .   (no ring)
rCorr   .          Rampage  .   (no ring)
Will    .....      NoTele   +   (no ring)
Stlth   ++++......              (no ring)
HPRegen 0.17/turn               (no ring)
MPRegen 0.18/turn               (no ring)
                                (no ring)
                                (no ring)

@: unable to drink
A: almost no armour, amphibious, 8 rings, camouflage 1, gelatinous body 1,
(nimble swimmer 1), tentacles, clumsy 1, inability to drink while threatened 1
a: Renounce Religion, Channel Magic


You were in the Dungeon.
You worshipped Sif Muna.
Sif Muna was pleased with you.
You visited 1 branch You collected 1137 gold pieces.
You spent 993 gold pieces at shops.

Inventory:

Hand Weapons
 c - the +11 trident of Zantuam (weapon) {venom, Dex+5}
   (You bought it in a shop in the Dungeon)

   It poisons the flesh of those it strikes.
   Dex:       It affects your dexterity (+5).
Jewellery
 h - an amulet of the acrobat
 j - the amulet of Jacaos (around mantle) {Reflect rPois SH+5}
   (You bought it in a shop in the Dungeon)

   [amulet of reflection]

   It reflects blocked missile attacks.
   rPois:     It protects you from poison.
   SH:        It affects your SH (+5).
Scrolls
 d - 2 scrolls of butterflies {unknown}
 e - a scroll of fear
 f - 3 scrolls of blinking
 i - a scroll of poison {unknown}
 m - 4 scrolls of identify {unknown}
 p - a scroll of enchant armour {unknown}
 r - a scroll of immolation
Potions
 a - 4 potions of magic
 b - 3 potions of curing
 g - a potion of degeneration {unknown}
 k - a potion of attraction {unknown}
 l - 2 potions of flight
 n - a potion of berserk rage
 o - a potion of brilliance {unknown}
 q - 2 potions of resistance
 t - a potion of heal wounds


   Skills:
 + Level 1.7 Throwing
 + Level 6.4 Dodging
 - Level 6.1 Stealth
 + Level 4.6 Unarmed Combat
 + Level 9.9 Spellcasting
 * Level 8.6 Conjurations
 + Level 1.8 Hexes
 + Level 13.3 Fire Magic


You had 14 spell levels left.
You knew the following spells:

 Your Spells              Type           Power      Damage    Failure   Level
a - Foxfire               Conj/Fire      100%       2x1d9     1%          1
b - Conjure Flame         Conj/Fire      54%        6-21      1%          3
c - Inner Flame           Hex/Fire       42%        N/A       1%          3
d - Flame Wave            Conj/Fire      54%        2d13      1%          4
e - Scorch                Fire           100%       2d10      1%          2

Your spell library contained the following spells:

 Spells                   Type           Power      Damage    Failure   Level
 Magic Dart               Conj           100%       1d8       1%          1
 Searing Ray              Conj           92%        2d7       1%          2
 Fulminant Prism          Conj/Hex       16%        3d11      8%          4


Dungeon Overview and Level Annotations

Branches:
Dungeon (1/1)

Altars:
Cheibriados
Dithmenos
Elyvilon
Fedhas
Gozag
Hepliaklqana
Kikubaaqudgha
Makhleb
Nemelex Xobeh
Okawaru
Qazlal
Ru
Sif Muna
Trog
Uskayaw
Vehumet
Wu Jian
Xom
Yredelemnul
Zin
The Shining One
Jiyva
Lugonu

Shops:
D :[:((*=[!!=**?[

Annotations:
D exclusion: oklob plant, Roxanne


Innate Abilities, Weirdness & Mutations

You cannot wear most types of armour.
You are amphibious.
You can wear up to eight rings at the same time.
Your skin changes colour to match your surroundings (Stealth+).
Your rubbery body absorbs attacks. (AC +1, EV +1)
((You are camouflaged when in or above water. (Stealth+)))
You have tentacles for arms and can constrict up to eight enemies at once.
You are clumsy. (Dex -2)
You occasionally lose the ability to drink potions when taking damage.


Message History

The foxfire hits the polar bear but does no damage.
The polar bear is heavily wounded.
The polar bear is engulfed in blazing flames.
Unknown command.
Unknown command.
You hit the polar bear but do no damage.
The polar bear is poisoned.
The polar bear is severely wounded.
The polar bear is engulfed in blazing flames.
The polar bear goes berserk!
The polar bear is engulfed in blazing flames.
The polar bear barely misses you. The polar bear claws you!
The polar bear barely misses you.
Okay, then.
Unknown command.
Unknown command.
Magic courses through your body.
The polar bear is engulfed in blazing flames.
You kill the polar bear!
Sif Muna accepts your kill.
The yaktaur wields a +0 arbalest.
The yaktaur shoots a bolt.
The bolt hits you!!
You feel threatened and lose the ability to drink potions!
* * * LOW HITPOINT WARNING * * *
Unknown command.
Unknown command.
Unknown command.
You cannot drink potions in your current state!
As you read the scroll of fear, it crumbles to dust.
You assume a fearsome visage.
The yaktaur resists with some effort.
The polar bear looks frightened!
The polar bear is engulfed in blazing flames.
You cannot drink potions in your current state!
Unknown command.
Unknown command.
As you read the scroll of summoning, it crumbles to dust.
Wisps of shadow whirl around you...
The yaktaur shoots a bolt.
The bolt hits you!!
Ouch! That really hurt!
You die...

.#..#....# ...####▓....)..[▓▓
#.#####..## #..# $#▓(..)(().▓▓
#'###.##..# +..# .#▓..)....[▓▓
#.##.#.#..# #..# .#▓..)..)(.▓▓
.<.'##.'..####h.##.#▓.[[...[.▓▓
#.###..#....###§§.##▓▓▓▓▓▓▓'▓▓▓▓+
#†# #.##......~§c†~~~~~~~~~...X≈≈
.#.####~~.....~#○########+###.w≈≈
###.#~~§~~~§..~#@K..._..#SS~##≈≈≈
.#.##~~~~~~~§.~#.KB._._.#S~§≈####
#'##~~~§≈§~~~~~#..._._._#~~~~≈#
~~~~~~§§≈≈≈≈~~~#.._._._.#~~§§§§
+#+++#§§≈≈§≈≈§~#._._._._#~§§§§≈
~§~. ##≈§§###§≈#_._._._.#~§§§§§
§§§~§.##§§# #§≈#._._._._#~~≈≈
~8~.~~.+§≈# #§≈#_._._...#§≈≈§
§~~~~.##≈≈≈≈§§§##########~§≈§


You could see a polar bear (fleeing), a yaktaur (inner flame, ally target), a
friendly giant cockroach (summoned) and 2 friendly kobolds.

Vanquished Creatures
  A hornet (D)
  2 polar bears (D)
  A blink frog (D)
  2 wyverns (D)
  3 neqoxecs (D)
  Menkaure (D)
  A water moccasin (D)
  4 necrophages (D)
  4 scorpions (D)
19 creatures vanquished.

Vanquished Creatures (others)
  A neqoxec (D)
  64 foxfires (D)
  20 tentacles (D)
85 creatures vanquished.

Grand Total: 104 creatures vanquished

Notes
Turn   | Place    | Note
-------+----------+-------------------------------------------
     0 | D        | Conn the Octopode Fire Elementalist began the quest for the
                  | Orb.
     0 | D        | Reached XP level 1. HP: 11/11 MP: 3/3
     1 | D        | Noticed a necrophage
     1 | D        | Noticed a necrophage
     1 | D        | Noticed a necrophage
     1 | D        | Noticed a necrophage
    14 | D        | Killed a necrophage
    15 | D        | Reached skill level 6 in Fire Magic
    15 | D        | Reached XP level 2. HP: 17/17 MP: 0/6
    15 | D        | Reached XP level 3. HP: 21/21 MP: 0/8
    15 | D        | Reached XP level 4. HP: 27/27 MP: 0/9
    18 | D        | Killed a necrophage
    19 | D        | Reached skill level 1 in Unarmed Combat
    19 | D        | Reached skill level 7 in Fire Magic
    19 | D        | Reached XP level 5. HP: 31/31 MP: 0/11
    24 | D        | Reached skill level 5 in Stealth
    24 | D        | Reached skill level 5 in Spellcasting
    24 | D        | Reached skill level 8 in Fire Magic
    31 | D        | Reached skill level 9 in Fire Magic
    31 | D        | Reached XP level 6. HP: 14/36 MP: 1/14
    46 | D        | Learned a level 2 spell: Scorch
    50 | D        | Learned a level 3 spell: Conjure Flame
    54 | D        | Learned a level 3 spell: Inner Flame
    59 | D        | Learned a level 4 spell: Flame Wave
    73 | D        | Reached skill level 5 in Dodging
    74 | D        | Reached skill level 10 in Fire Magic
    77 | D        | Reached XP level 7. HP: 8/41 MP: 1/16
   101 | D        | Found Qostoar's Magic Scroll Boutique.
   101 | D        | Found Ziut's Assorted Antiques.
   101 | D        | Found Reetor's Distillery.
   101 | D        | Found Fougiep's Jewellery Boutique.
   101 | D        | Found Vaxonayf's Distillery.
   102 | D        | Found Akue's Armour Shop.
   102 | D        | Found Zoabbav's Assorted Antiques.
   102 | D        | Found Optey's Antique Armour Shop.
   103 | D        | Found Uhoupao's Jewellery Shop.
   103 | D        | Found Ylommyqe's General Store.
   103 | D        | Noticed a hell hog
   105 | D        | Noticed Menkaure
   111 | D        | Killed Menkaure
   116 | D        | Found Deng's Antique Weapon Shop.
   116 | D        | Found Eceggedu's Antique Weapon Boutique.
   116 | D        | Noticed a hell hog
   116 | D        | Noticed an oklob plant
   117 | D        | Found Mogroffy's Antique Armour Shop.
   117 | D        | Found Nusi Ceo's Book Boutique.
   117 | D        | Found Munn's Book Shoppe.
   121 | D        | Noticed a death yak
   130 | D        | Noticed a yak
   130 | D        | Noticed a yak
   131 | D        | Noticed a yak
   138 | D        | Bought an ichor-stained trident for 161 gold pieces
   138 | D        | Identified the +11 trident of Zantuam {venom, Dex+5} (You
                  | bought it in a shop in the Dungeon)
   153 | D        | Noticed a blink frog
   157 | D        | Killed a blink frog
   158 | D        | Reached skill level 5 in Conjurations
   158 | D        | Reached skill level 11 in Fire Magic
   167 | D        | Noticed Roxanne
   176 | D        | Found an opulent altar of Gozag.
   179 | D        | Found a blossoming altar of Fedhas.
   180 | D        | Found a white marble altar of Elyvilon.
   180 | D        | Found a burning altar of Makhleb.
   181 | D        | Found a shadowy altar of Dithmenos.
   181 | D        | Found a corrupted altar of Lugonu.
   182 | D        | Found a snail-covered altar of Cheibriados.
   182 | D        | Found an ancient bone altar of Kikubaaqudgha.
   182 | D        | Found a bloodstained altar of Trog.
   183 | D        | Found a viscous altar of Jiyva.
   183 | D        | Found a shimmering blue altar of Sif Muna.
   184 | D        | Found a hazy altar of Hepliaklqana.
   184 | D        | Found a sacrificial altar of Ru.
   185 | D        | Found a shimmering altar of Xom.
   186 | D        | Found a stormy altar of Qazlal.
   186 | D        | Found an ornate altar of the Wu Jian Council.
   186 | D        | Found a sparkling altar of Nemelex Xobeh.
   186 | D        | Found a hide-covered altar of Uskayaw.
   186 | D        | Found a basalt altar of Yredelemnul.
   186 | D        | Found a glowing golden altar of the Shining One.
   187 | D        | Found a radiant altar of Vehumet.
   187 | D        | Found an iron altar of Okawaru.
   187 | D        | Found a glowing silver altar of Zin.
   192 | D        | Became a worshipper of Sif Muna the Loreminder
   205 | D        | Noticed a kraken
   432 | D        | Noticed a yaktaur
   432 | D        | Noticed a hornet
   432 | D        | Noticed a polar bear
   443 | D        | Noticed a neqoxec
   443 | D        | Noticed a neqoxec
   542 | D        | Noticed a neqoxec
   543 | D        | Noticed a neqoxec
   545 | D        | Gained mutation: You occasionally lose the ability to drink
                  | potions when taking damage. [a neqoxec]
   546 | D        | Killed a neqoxec
   547 | D        | Reached XP level 8. HP: 33/46 MP: 9/19
   550 | D        | Reached skill level 12 in Fire Magic
   558 | D        | Gained mutation: You are clumsy. (Dex -2) [a neqoxec]
   561 | D        | Reached * piety under Sif Muna
   562 | D        | Reached skill level 1 in Throwing
   673 | D        | Noticed a wyvern
   673 | D        | Noticed a wyvern
   676 | D        | Killed a wyvern
   679 | D        | Killed a wyvern
   707 | D        | Bought the amulet of Jacaos {Reflect rPois SH+5} for 535
                  | gold pieces
   735 | D        | Bought a scroll of immolation for 52 gold pieces
   735 | D        | Bought a scroll of summoning for 123 gold pieces
   735 | D        | Bought a scroll of fear for 52 gold pieces
   744 | D        | Bought a potion of heal wounds for 70 gold pieces
   785 | D        | Noticed a polar bear
   785 | D        | Noticed a polar bear
   795 | D        | Killed a polar bear
   795 | D        | Reached ** piety under Sif Muna
   795 | D        | Killed a hornet
   796 | D        | Reached skill level 1 in Hexes
   796 | D        | Reached skill level 13 in Fire Magic
   796 | D        | Reached XP level 9. HP: 37/51 MP: 3/22
   799 | D        | Killed a polar bear
   801 | D        | Shot with a bolt by a yaktaur

Illustrated notes

Levels and vault maps discovered:
D:        the_violet_keep_of_menkaure [sprint2_stairs_cluster_1,
          sprint2_shoproom, sprint2_temple, sprint2_basic_supplies,
          sprint2_obstacle_6, sprint2_obstacle_2, sprint2_obstacle_5,
          sprint2_obstacle_3, sprint2_obstacle_1, sprint2_timed_cluster_1,
          sprint2_smallroom_cluster_1, sprint2_smallroom_final_cluster_1,
          sprint2_transparent_cluster_1, sprint2_second_timed_cluster_1,
          sprint2_sniper_area_1, sprint2_heavy_combat_area_1,
          sprint2_mutation_trap_area_1, sprint2_forest_area_1,
          sprint2_light_combat_area_1, sprint2_behind_water_1,
          sprint2_near_end_vault_1]

Skill      XL: |  1  2  3  4  5  6  7  8 |
---------------+-------------------------+-----
Dodging        | 3 4 5 6 |  6.4
Stealth        | 4 5 6 |  6.1
Spellcasting   | 3 4 5 6 7 9 |  9.9
Fire Magic     | 6 7 9 10 11 13 | 13.3
Unarmed Combat | 1 2 3 4 |  4.6
Conjurations   | 4 5 8 |  8.6
Throwing       | 1 |  1.7
Hexes          | 1 |  1.8

Action                   |  1- 3 |  4- 6 |  7- 9 || total
-------------------------+-------+-------+-------++-------
Melee: Unarmed           |     7 |    13 |       ||    20
       Constrict         |     3 |     2 |       ||     5
       Tentacles         |       |     3 |       ||     3
       Punch             |       |     1 |       ||     1
       Trident           |       |       |     3 ||     3
Throw: Dart              |       |       |     3 ||     3
 Cast: Foxfire           |     3 |     2 |    35 ||    40
       Scorch            |       |     3 |    11 ||    14
       Flame Wave        |       |     2 |     3 ||     5
       Inner Flame       |       |       |     5 ||     5
       Conjure Flame     |       |       |     1 ||     1
  Use: Potion            |     2 |     2 |     4 ||     8
       Scroll            |       |       |     3 ||     3
Armor: Skin              |     1 |     1 |       ||     2
Dodge: Dodged            |     1 |     5 |    10 ||    16

Table legend: (Time is in decaauts)
 A = Elapsed time spent in this place.
 B = Non-inter-level travel time spent in this place.
 C = Inter-level travel time spent in this place.
 D = Time resting spent in this place.
 E = Time spent auto-exploring this place.
 F = Levels seen in this place.
 G = Mean time per level.
                   A        B        C        D        E       F      G
               +--------+--------+--------+--------+--------+-----+--------+
         Total |    772 |    772 |      0 |    182 |      0 |   1 |  772.0 |
       Dungeon |    772 |    772 |      0 |    182 |      0 |   1 |  772.0 |
               +--------+--------+--------+--------+--------+-----+--------+

Top non-repeatable levels by time:
       D: 772 daAuts
